 Dungeon Crawl Stone Soup version 0.24-a0-458-gfcb5e6da0e (webtiles) character file.

Game seed: 4649331889790543620

704 Ijustatesigmund the Cudgeler (level 7, -2/74 HPs)
             Began as an Ogre Hunter on June 27, 2019.
             Slain by a wight
             ... wielding a +4 halberd of freezing
              (5 damage)
             ... on level 6 of the Dungeon.
             The game lasted 00:09:58 (6006 turns).

Ijustatesigmund the Cudgeler (Ogre Hunter)          Turns: 6006, Time: 00:10:00

Health: -2/74      AC:  6    Str: 17    XL:     7   Next: 67%
Magic:  7/7        EV:  9    Int: 12    God:
Gold:   196        SH:  0    Dex: 11    Spells: 6/6 levels left

rFire    + . .     SeeInvis +   a - +1 flail
rCold    . . .     Gourm    .   (no shield)
rNeg     . . .     Faith    .   b - +2 robe {MR+}
rPois    .         Spirit   .   (helmet restricted)
rElec    .         Reflect  .   n - +0 cloak
rCorr    .         Harm     .   (gloves unavailable)
MR       +....                  (boots unavailable)
Stlth    +.........             (no amulet)
HPRegen  0.00/turn              l - ring of protection from fire
MPRegen  0.10/turn              d - ring of see invisible

@: heavily drained
A: large, unfitting armour, mutation resistance 1, inhibited regeneration, tough
skin 1, no potion heal 1
a: no special abilities


You were on level 6 of the Dungeon.
You were very hungry.

You visited 1 branch of the dungeon, and saw 6 of its levels.

You collected 196 gold pieces.

Inventory:

Hand Weapons
 a - a +1 flail (weapon)
Missiles
 c - 4 large rocks (quivered)
 i - a throwing net
Armour
 b - a +2 robe of magic resistance (worn)
 n - a +0 cloak (worn)
Jewellery
 d - a ring of see invisible (right hand)
 l - a ring of protection from fire (left hand)
Wands
 m - a wand of flame (14)
Scrolls
 g - 3 scrolls of identify
 k - 3 scrolls of remove curse
Potions
 e - 2 potions of curing
 h - a potion of cancellation
 j - a potion of might {unknown}
 p - a potion of lignification
 q - a potion of brilliance
Comestibles
 f - 5 rations


   Skills:
 - Level 5.8(4.5) Fighting
 + Level 6.3(5.0) Maces & Flails
 - Level 4.0(2.7) Throwing
 - Level 1.7(0.5) Dodging
 - Level 0.6(0.0) Stealth


You had 6 spell levels left.
You didn't know any spells.
Your spell library was empty.

Dungeon Overview and Level Annotations

Branches:
Dungeon (6/15)
 Temple: D:4-7

Altars:
Ashenzari
Elyvilon
Trog
The Shining One

Shops:
D:5 [


Innate Abilities, Weirdness & Mutations

You are too large for most types of armour.
You have tough skin. (AC +1)
You are somewhat resistant to further mutation.
You do not regenerate when monsters are visible.
Potions are less effective at restoring your health.


Message History

The hound barely misses you.
You closely miss the hound.
The hound is almost dead.
The hound bites you.
The wight hits you from afar with a +4 halberd of freezing.
You feel drained. The wight freezes you. The hound bites you.
You closely miss the hound.
The hound is almost dead.
The hound closely misses you.
The wight hits you from afar with a +4 halberd of freezing!
* * * LOW HITPOINT WARNING * * *
You feel drained. The wight freezes you.
* * * LOW HITPOINT WARNING * * *
As you read the scroll of fear, it crumbles to dust.
You assume a fearsome visage.
The wight is unaffected.
The hound looks frightened!
The wight hits you from afar with a +4 halberd of freezing!
* * * LOW HITPOINT WARNING * * *
You feel drained.
You die...

# #### .#
=..################..#
##.#...............z.#
#.............hz#......z
####.###########.#..##...
.....# #@#..# . ######
#.#... #...... #.#.(...
..#.###.. #.# # #.# #.#


You could see a hound (fleeing) and a wight.

Vanquished Creatures
  A troll (D:4)
  A centaur (D:5)
  A howler monkey (D:5)
  A crimson imp (D:5)
  Crazy Yiuf (D:3)
  A hound (D:4)
  An orc priest (D:5)
  An orc wizard (D:5)
  Terence (D:3)
  2 worker ants (D:4)
  A worker ant zombie (D:5)
  4 adders
  An ooze (D:3)
  A worm (D:3)
  2 dart slugs
  2 leopard geckos (D:3)
  12 orcs
  2 ball pythons (D:2)
  4 giant cockroaches
  9 goblins
  5 hobgoblins
  11 kobolds
  4 quokkas
  5 bats
  2 frilled lizards
  2 quokka skeletons
  A quokka zombie (D:6)
  9 rats
88 creatures vanquished.

Notes
Turn   | Place    | Note
-------+----------+-------------------------------------------
     0 | D:1      | Ijustatesigmund the Ogre Hunter began the quest for the
                  | Orb.
     0 | D:1      | Reached XP level 1. HP: 22/22 MP: 1/1
   432 | D:1      | Reached XP level 2. HP: 29/32 MP: 2/2
  1344 | D:2      | Reached XP level 3. HP: 34/41 MP: 3/3
  1350 | D:2      | Reached skill level 5 in Fighting
  1718 | D:2      | Reached XP level 4. HP: 41/50 MP: 4/4
  2526 | D:3      | Noticed Terence
  2545 | D:3      | Killed Terence
  2545 | D:3      | Reached skill level 1 in Maces & Flails
  2764 | D:3      | Reached XP level 5. HP: 54/59 MP: 5/5
  2846 | D:3      | Reached skill level 2 in Maces & Flails
  2907 | D:3      | Found a runed translucent door.
  2908 | D:3      | Noticed Crazy Yiuf
  2913 | D:3      | Killed Crazy Yiuf
  3028 | D:3      | Found a glowing golden altar of the Shining One.
  3311 | D:3      | Found a bloodstained altar of Trog.
  3718 | D:4      | Noticed a troll
  3733 | D:4      | Killed a troll
  3733 | D:4      | Reached skill level 4 in Maces & Flails
  3733 | D:4      | Reached XP level 6. HP: 41/67 MP: 6/6
  3856 | D:4      | Found a shattered altar of Ashenzari.
  3888 | D:4      | Reached skill level 5 in Maces & Flails
  3994 | D:4      | Gained mutation: Potions are less effective at restoring
                  | your health. [potion of mutation]
  3994 | D:4      | Gained mutation: You do not regenerate when monsters are
                  | visible. [potion of mutation]
  3994 | D:4      | Gained mutation: You are somewhat resistant to further
                  | mutation. [potion of mutation]
  4054 | D:4      | Found a white marble altar of Elyvilon.
  4213 | D:4      | Reached XP level 7. HP: 72/74 MP: 7/7
  4466 | D:5      | Entered Level 5 of the Dungeon
  5024 | D:5      | Reached skill level 6 in Maces & Flails
  5208 | D:5      | Found Qothroeke's Armour Shoppe.
  6006 | D:6      | HP: 3/74 [wight/+4 halberd of freezing (12)]
  6006 | D:6      | Slain by a wight

Levels and vault maps discovered:
D:1:      shiori_arrival_oz, layout_rooms
D:2:      layout_basic
D:3:      layout_basic, bloody_trog, grunt_ministairs_13, tso_metal_star,
          uniq_terence, uniq_crazy_yiuf_cottage
D:4:      layout_loops_corners, lemuel_doored_altar, elyvilon_altar_3
D:5:      layout_basic, serial_glass, glass_columns_b, glass_columns_b,
          serial_shops, kennysheep_little_box, first_ration
D:6:      layout_loops_ring, overflow_temple_1_default,
          minmay_temple_entry_trees

Skill      XL: |  1  2  3  4  5  6  7 |
---------------+----------------------+-----
Fighting       | 3 4 5 |  5.8
Maces & Flails | 1 4 5 6 |  6.3
Throwing       | |  4.0
Dodging        | |  1.7
Stealth        | |  0.6

Action                   |  1- 3 |  4- 6 |  7- 9 || total
-------------------------+-------+-------+-------++-------
Melee: Short sword       |   100 |    39 |       ||   139
       Flail             |       |   123 |   101 ||   224
Throw: Large rock        |     5 |     5 |     1 ||    11
       Throwing net      |       |     2 |     1 ||     3
  Use: Scroll            |     4 |    10 |     1 ||    15
       Potion            |     2 |     2 |       ||     4
 Stab: Sleeping          |     1 |     1 |     1 ||     3
  Eat: Chunk             |     2 |     3 |       ||     5
       Ration            |       |     2 |     1 ||     3
Armor: Robe              |    31 |    55 |    33 ||   119
Dodge: Dodged            |    56 |   111 |    51 ||   218

Table legend:
 A = Non-vault XP
 B = Vault XP
 C = Vault XP percentage of total XP
 D = Non-vault monster count
 E = Vault monster count
 F = Vault count percentage of total count
                 A         B        C        D         E       F
            +---------+---------+-------+---------+---------+-------
      Total |     924 |      83 |   8.2 |      83 |       5 |   5.7
            +---------+---------+-------+---------+---------+-------
        D:1 |      27 |       1 |   3.6 |      15 |       1 |   6.2
        D:2 |      68 |       0 |   0.0 |      19 |       0 |   0.0
        D:3 |      60 |      82 |  57.7 |      27 |       4 |  12.9
        D:4 |     432 |       0 |   0.0 |       8 |       0 |   0.0
        D:5 |     336 |       0 |   0.0 |      13 |       0 |   0.0
        D:6 |       1 |       0 |   0.0 |       1 |       0 |   0.0
            +---------+---------+-------+---------+---------+-------
